 Dungeon Crawl Stone Soup version 0.27.1 (webtiles) character file.

Game seed: 16070026311436687042

64 Thatpatchoflichen the Chiller (level 3, -2/26 HPs)
             Began as a Draconian Ice Elementalist on Aug 21, 2021.
             Slain by Ijyb (7 damage)
             ... on level 2 of the Dungeon.
             The game lasted 00:06:51 (2772 turns).

Thatpatchoflichen the Chiller (DrIE)                Turns: 2772, Time: 00:06:52

Health: -2/26      AC:  5    Str: 10    XL:     3   Next: 91%
Magic:  1/7        EV: 12    Int: 16    God:
Gold:   93         SH:  0    Dex: 11    Spells: 7/8 levels left

rFire    . . .     SeeInvis .   g - +1 dagger (speed)
rCold    . . .     Faith    .   (no shield)
rNeg     . . .     Spirit   .   (armour unavailable)
rPois    .         Reflect  .   (helmet restricted)
rElec    .         Harm     .   (no cloak)
rCorr    .         Rampage  .   (no gloves)
Will     .....                  (no boots)
Stlth    ++........             (no amulet)
HPRegen  0.08/turn              (no ring)
MPRegen  0.10/turn              (no ring)

@: no status effects
A: AC +5, unfitting armour, cold-blooded
a: no special abilities


You were on level 2 of the Dungeon.
You visited 1 branch of the dungeon, and saw 3 of its levels.

You collected 93 gold pieces.

Inventory:

Hand Weapons
 g - a +1 dagger of speed (weapon)
Missiles
 a - 17 poisoned darts
 i - 2 stones
Scrolls
 b - a scroll of fog {unknown}
 c - a scroll of silence {unknown}
 d - a scroll of immolation {unknown}
 e - 2 scrolls of teleportation {unknown}
 f - a scroll of identify {unknown}
 j - a scroll of vulnerability {unknown}
Potions
 h - a potion of curing {unknown}


   Skills:
 - Level 2.0 Dodging
 - Level 1.7 Stealth
 - Level 3.0 Spellcasting
 + Level 4.8 Ice Magic


You had 7 spell levels left.
You knew the following spells:

 Your Spells              Type           Power      Damage    Failure   Level
a - Freeze                Ice            68%        1d8       2%          1

Your spell library contained the following spells:

 Spells                   Type           Power      Damage    Failure   Level
 Frozen Ramparts          Ice            34%        1d5       8%          3
 Ozocubu's Armour         Ice            17%        N/A       8%          3
 Hailstorm                Conj/Ice       10%        3d5       56%         4


Dungeon Overview and Level Annotations

Branches:
Dungeon (3/15)

Altars:
Gozag

Annotations:
D:2 Ijyb


Innate Abilities, Weirdness & Mutations

Your plain brown scales are hard. (AC +5)
You cannot fit into any form of body armour.
You are cold-blooded and may be slowed by cold attacks.


Message History

There is a stone staircase leading down, spattered with blood here.
Aiming: Freeze (safe; 2% risk of failure)
Press: ? - help, Q - select action, (/) - cycle Shift-Dir - straight line, f - Ijyb
Aim: Ijyb, wielding a +2 club, wearing a +0 leather armour and carrying a wand of digging (4)
You freeze Ijyb.
Ijyb is lightly wounded.
Ijyb barely misses you. The orc hits you with a +0 club.
Aiming: Freeze (safe; 2% risk of failure)
Press: ? - help, Q - select action, (/) - cycle Shift-Dir - straight line, f/p - Ijyb
Aim: Ijyb, wielding a +2 club, wearing a +0 leather armour and carrying a wand of digging (4) (lightly wounded)
You freeze Ijyb.
Ijyb is moderately wounded.
Ijyb hits you with a +2 club.
* * * LOW HITPOINT WARNING * * *
The orc closely misses you.
Aiming: Freeze (safe; 2% risk of failure)
Press: ? - help, Q - select action, (/) - cycle Shift-Dir - straight line, f/p - Ijyb
Aim: Ijyb, wielding a +2 club, wearing a +0 leather armour and carrying a wand of digging (4) (moderately wounded)
You freeze Ijyb.
Ijyb is moderately wounded.
Ijyb misses you. The orc closely misses you.
Aiming: Freeze (safe; 2% risk of failure)
Press: ? - help, Q - select action, (/) - cycle Shift-Dir - straight line, f/p - Ijyb
Aim: Ijyb, wielding a +2 club, wearing a +0 leather armour and carrying a wand of digging (4) (moderately wounded)
You freeze Ijyb.
Ijyb is heavily wounded.
Ijyb closely misses you. The orc barely misses you.
Aiming: Freeze (safe; 2% risk of failure)
Press: ? - help, Q - select action, (/) - cycle Shift-Dir - straight line, f/p - Ijyb
Aim: Ijyb, wielding a +2 club, wearing a +0 leather armour and carrying a wand of digging (4) (heavily wounded)
You freeze Ijyb.
Ijyb is heavily wounded.
Ijyb closely misses you. The orc misses you.
Aiming: Freeze (safe; 2% risk of failure)
Press: ? - help, Q - select action, (/) - cycle Shift-Dir - straight line, f/p - Ijyb
Aim: Ijyb, wielding a +2 club, wearing a +0 leather armour and carrying a wand of digging (4) (heavily wounded)
You freeze Ijyb.
Ijyb is severely wounded.
Ijyb hits you with a +2 club!
You die...

#..##.#
##.##.#
#######..#.#
#......#.#.#
#.####.#...#
#.# #.##..#
#.# #.##..#
## #.#
#.##o†# .##
#.# #...g@#
..# #.#
#######
..#####.#
.....).[#
.######## .#
## # #


You could see Ijyb and an orc.

Vanquished Creatures
  An adder (D:2)
  2 worms (D:2)
  A dart slug (D:1)
  3 giant cockroaches
  3 goblins
  6 hobgoblins
  4 jackals (D:1)
  2 quokkas
  6 ball pythons
  4 bats (D:1)
  3 frilled lizards
  4 kobolds
  7 rats
46 creatures vanquished.

Notes
Turn   | Place    | Note
-------+----------+-------------------------------------------
     0 | D:1      | Thatpatchoflichen the Draconian Ice Elementalist began the
                  | quest for the Orb.
     0 | D:1      | Reached XP level 1. HP: 14/14 MP: 3/3
   159 | D:1      | Reached XP level 2. HP: 12/20 MP: 0/5
   900 | D:1      | Found a faded altar of an unknown god.
  1410 | D:2      | Reached XP level 3. HP: 23/26 MP: 6/6
  1765 | D:2      | Found an opulent altar of Gozag.
  2756 | D:3      | Noticed Ijyb
  2772 | D:2      | Slain by Ijyb

Illustrated notes

Levels and vault maps discovered:
D:1:      dpeg_arrival_rooms_c, layout_basic, chequers_ecumenical_altar_lobes,
          solitary_fountain
D:2:      layout_basic, basic_altar, minmay_tripent
D:3:      layout_rooms, grunt_temple_overflow_open, small_statue_intersection,
          uniq_ijyb, uniq_robin, uniq_sigmund, uniq_natasha

Skill      XL: |  1  2  3 |
---------------+----------+-----
Dodging        | 2 |  2.0
Spellcasting   | 3 |  3.0
Stealth        | |  1.7
Ice Magic      | |  4.8

Action                   || total
-------------------------++-------
Melee: Club              ||    66
       Tailslap          ||    10
       Dagger            ||    66
 Cast: Freeze            ||    41
 Stab: Sleeping          ||     7
Armor: Skin              ||    41
Dodge: Dodged            ||   109
